 Dungeon Crawl Stone Soup version 0.27-a0-1325-g58a489ad9e (webtiles) character file.

Game seed: 8726571175309039083

5280 zero the Gusty (level 10, 0/61 HPs)
             Began as a Tengu Air Elementalist on June 24, 2021.
             Was a Believer of Sif Muna.
             Succumbed to a killer bee's poison
             ... on level 9 of the Dungeon.
             The game lasted 00:24:38 (17607 turns).

zero the Gusty (Tengu Air Elementalist)            Turns: 17607, Time: 00:24:38

Health: 0/61       AC:  3    Str:  8    XL:     10   Next: 63%
Magic:  21/30      EV: 20    Int: 19    God:    Sif Muna [**....]
Gold:   413        SH:  0    Dex: 21    Spells: 10/22 levels left

rFire    . . .     SeeInvis .   x - +1 shortbow (vorpal)
rCold    . . .     Faith    .   (shield currently unavailable)
rNeg     . . .     Spirit   .   a - +0 robe
rPois    .         Reflect  .   (helmet restricted)
rElec    .         Harm     .   k - +0 cloak
rCorr    .         Rampage  .   (no gloves)
Will     .....                  (boots unavailable)
Stlth    +++.......             (no amulet)
HPRegen  0.20/turn              r - ring of magical power
MPRegen  0.22/turn              i - +6 ring of dexterity

@: lethally poisoned (0 -> -14), flying quickly and evasively, quick
A: beak, talons 3, nimble flight
a: Renounce Religion, Channel Magic


You were on level 9 of the Dungeon.
You worshipped Sif Muna.
Sif Muna was pleased with you.
You visited 2 branches of the dungeon, and saw 10 of its levels.

You collected 523 gold pieces.
You spent 110 gold pieces at shops.

Inventory:

Hand Weapons
 j - a +4 dagger of speed
 s - a +1 dagger of chaos
 x - a +1 vorpal shortbow (weapon)
 y - a +1 whip of flaming
Missiles
 e - 111 arrows (quivered ammo)
 t - 3 curare-tipped darts
 A - 19 poisoned darts
Armour
 a - a +0 robe (worn)
 c - a +0 leather armour of fire resistance
 k - a +0 cloak (worn)
Jewellery
 i - a +6 ring of dexterity (right hand)
 q - a ring of positive energy
 r - a ring of magical power (left hand)
Wands
 b - a wand of acid (5)
 n - a wand of iceblast (11)
 u - a wand of charming (5)
 w - a wand of digging (7)
Scrolls
 d - 3 scrolls of teleportation
 m - 2 scrolls of fear
 v - a scroll of magic mapping
 B - 2 scrolls of brand weapon
Potions
 f - a potion of brilliance
 g - a potion of mutation {unknown}
 h - 2 potions of curing
 l - 2 potions of heal wounds
 o - a potion of berserk rage {unknown}
 p - a potion of resistance
 z - a potion of ambrosia {unknown}
 C - 2 potions of flight {unknown}


   Skills:
 + Level 6.4 Fighting
 + Level 3.9 Bows
 + Level 7.4 Dodging
 - Level 4.0 Stealth
 + Level 6.7 Spellcasting
 - Level 4.0 Conjurations
 + Level 7.6 Air Magic
 - Level 6.0 Invocations
 - Level 1.0 Evocations


You had 10 spell levels left.
You knew the following spells:

 Your Spells              Type           Power      Damage    Failure   Level
a - Shock                 Conj/Air       100%       1d9       1%          1
b - Static Discharge      Conj/Air       28%        N/A       1%          2
c - Airstrike             Air            17%        N/A       4%          4
d - Lightning Bolt        Conj/Air       14%        1d27      26%         5

Your spell library contained the following spells:

 Spells                   Type           Power      Damage    Failure   Level
 Swiftness                Air            35%        N/A       1%          3
 Animate Skeleton         Necr           12%        N/A       11%         1
 Freeze                   Ice            24%        1d5       11%         1
 Pain                     Necr           24%        1d5       11%         1
 Frozen Ramparts          Ice            12%        1d3       30%         3
 Ozocubu's Armour         Ice            6%         N/A       30%         3
 Vampiric Draining        Necr           3%         2d6       30%         3
 Hailstorm                Conj/Ice       14%        3d5       41%         4
 Animate Dead             Necr           3%         N/A       71%         4
 Agony                    Necr           6%         N/A       96%         5
 Metabolic Englaciation   Hex/Ice        3%         N/A       96%         5


Dungeon Overview and Level Annotations

Branches:
Dungeon (9/15)             Temple (1/1) D:5            Lair (0/6) D:9
    Orc: D:9-12

Altars:
Hepliaklqana
Kikubaaqudgha
Makhleb
Qazlal
Sif Muna
Trog
Zin
The Shining One

Shops:
D:4 !

Annotations:
D:3 Grinder
D:4 exclusion: phantom
D:5 3 runed translucent doors, Shym's ghost, novice MiBe; Tempus's ghost, weakling FoFi; crasatator's ghost, novice TrMo; nago's ghost, novice DrAE; sn0wgr3's ghost, novice GrFi


Innate Abilities, Weirdness & Mutations

You have a beak for a mouth.
You have claws for feet.
Your magical nature lets you fly swiftly and evasively.


Message History

The lightning grounds out.
The killer bee is struck by an arc of lightning!
The killer bee is heavily wounded.
The killer bee is struck by an arc of lightning!
The killer bee is almost dead.
The lightning grounds out.
You feel very sick. The killer bee misses you.
The killer bee closely misses you. The killer bee stings you.
* * * LOW HITPOINT WARNING * * *
The killer bee closely misses you. x3
Casting: Static Discharge (safe; 1% risk of failure)
Confirm with . or Enter, or press ? or * to list all spells.
The killer bee is struck by an arc of lightning.
The killer bee is almost dead.
The killer bee is struck by an arc of lightning.
The killer bee is severely wounded.
The lightning grounds out.
You feel sick. The killer bee misses you. The killer bee completely misses you.
The killer bee barely misses you. The killer bee completely misses you.
The killer bee misses you. The killer bee stings you!
* * * LOW HITPOINT WARNING * * *
You are more poisoned.
The killer bee poisons you!
Casting: Static Discharge (safe; 1% risk of failure)
Confirm with . or Enter, or press ? or * to list all spells.
The killer bee is struck by an arc of lightning!
You kill the killer bee!
Sif Muna accepts your kill.
You are struck by an arc of lightning.
* * * LOW HITPOINT WARNING * * *
The lightning grounds out.
The killer bee is struck by an arc of lightning!
You kill the killer bee!
Sif Muna accepts your kill.
The killer bee is struck by an arc of lightning!
You kill the killer bee!
Sif Muna accepts your kill.
The lightning grounds out.
You die...

#....#.............
#....#.......>..†..
#....#.....#######.
#....#....#...≈...#
########....#......#...#..
............#.... ##.PP##.
............# .P.PPP..
.........†..# #≈...>.P.≈
.........@†.# #..P.PP...
........†...# ..##.PP##.
............# .. #...#..
######......# ...≈ ..#
#......# #### #. #....(.#
#. #......# #. #......#


There were no monsters in sight!

Vanquished Creatures
  Pikel (D:8)
  Joseph (D:8)
  Psyche (D:8)
  Prince Ribbit (D:6)
  A wyvern (D:7)
  5 yaks (D:8)
  Edmund (D:6)
  A water moccasin (D:7)
  An orc warrior (D:7)
  A sky beast (D:7)
  A black bear (D:6)
  An ice beast (D:7)
  3 ogres (D:5)
  4 centaurs
  3 kobold brigands (D:7)
  2 lemures (D:8)
  2 bullfrogs
  A scorpion (D:7)
  Blork the orc (D:5)
  A water moccasin zombie (D:5)
  10 killer bees
  3 wights (D:6)
  6 howler monkeys
  A centaur zombie (D:7)
  A centaur skeleton (D:6)
  4 hounds
  3 orc priests
  A jelly (D:6)
  A bullfrog skeleton (D:7)
  2 iguanas
  Natasha (thrice) (D:3)
  3 orc wizards
  A scorpion zombie (D:5)
  7 gnolls
  3 howler monkey skeletons
  4 adders
  A shadow imp (D:6)
  3 white imps
  2 ufetubi
  An adder skeleton (D:4)
  2 worms (D:2)
  A dart slug (D:1)
  18 orcs
  7 ball pythons
  6 bats
  8 endoplasms
  2 giant cockroaches (D:1)
  9 goblins
  3 hobgoblins
  10 jackals
  4 quokkas
  2 frilled lizards (D:1)
  15 kobolds
  6 rats
  A spectral orc (D:8)
187 creatures vanquished.

Vanquished Creatures (others)
  2 fungi (D:9)
  20 plants
22 creatures vanquished.

Grand Total: 209 creatures vanquished

Notes
Turn   | Place    | Note
-------+----------+-------------------------------------------
     0 | D:1      | zero the Tengu Air Elementalist began the quest for the
                  | Orb.
     0 | D:1      | Reached XP level 1. HP: 10/10 MP: 4/4
    66 | D:1      | Reached skill level 1 in Fighting
   190 | D:1      | Reached XP level 2. HP: 16/16 MP: 3/6
   193 | D:1      | Learned a level 2 spell: Static Discharge
   501 | D:1      | Found a faded altar of an unknown god.
   786 | D:1      | Reached XP level 3. HP: 12/22 MP: 1/7
  1858 | D:2      | HP: 1/23 [worm (10)]
  2595 | D:2      | Reached XP level 4. HP: 27/28 MP: 4/8
  2631 | D:2      | Learned a level 4 spell: Airstrike
  3655 | D:3      | Reached skill level 1 in Evocations
  3694 | D:3      | Noticed Natasha
  3700 | D:3      | Killed Natasha
  3701 | D:3      | Gained mutation: Your magical nature lets you fly swiftly
                  | and evasively. [Tengu growth]
  3701 | D:3      | Reached XP level 5. HP: 24/33 MP: 0/9
  3785 | D:3      | Noticed Natasha
  3793 | D:3      | Killed Natasha
  3801 | D:3      | Noticed Natasha
  3824 | D:3      | Killed Natasha
  4755 | D:3      | Noticed Grinder
  5437 | D:4      | Found Untoyzix's Distillery.
  5441 | D:4      | Bought a potion of degeneration for 11 gold pieces
  5441 | D:4      | Bought a potion of attraction for 33 gold pieces
  5441 | D:4      | Bought a potion of curing for 33 gold pieces
  5441 | D:4      | Bought a potion of curing for 33 gold pieces
  5589 | D:4      | Reached XP level 6. HP: 38/38 MP: 10/10
  6240 | D:4      | Reached skill level 1 in Bows
  6539 | D:4      | Found a shimmering blue altar of Sif Muna.
  6625 | D:4      | Found a glowing silver altar of Zin.
  7007 | D:4      | Became a worshipper of Sif Muna the Loreminder
  7022 | D:5      | Entered Level 5 of the Dungeon
  7136 | D:5      | Reached skill level 5 in Dodging
  7252 | D:5      | Found a bloodstained altar of Trog.
  7270 | D:5      | Reached skill level 1 in Invocations
  7270 | D:5      | Reached XP level 7. HP: 17/43 MP: 12/12
  7613 | D:5      | Noticed Blork the orc
  8607 | D:5      | Found a staircase to the Ecumenical Temple.
  9505 | D:5      | Found a runed translucent gate.
  9505 | D:5      | Found a runed translucent gate.
  9505 | D:5      | Found a runed translucent gate.
  9506 | D:5      | Noticed nago's ghost (novice DrAE)
  9506 | D:5      | Noticed sn0wgr3's ghost (novice GrFi)
  9506 | D:5      | Noticed crasatator's ghost (novice TrMo)
  9507 | D:5      | Noticed Shym's ghost (novice MiBe)
  9507 | D:5      | Noticed Tempus's ghost (weakling FoFi)
  9523 | D:5      | Reached XP level 8. HP: 42/48 MP: 15/15
  9571 | D:5      | Learned a level 5 spell: Lightning Bolt
  9838 | D:5      | Killed Blork the orc
  9984 | D:6      | Noticed Prince Ribbit
 10248 | D:6      | Killed Prince Ribbit
 10249 | D:6      | Reached skill level 5 in Spellcasting
 10440 | D:6      | Reached skill level 5 in Invocations
 11024 | D:6      | Reached XP level 9. HP: 41/52 MP: 17/17
 11261 | D:6      | Noticed Edmund
 11270 | D:6      | Killed Edmund
 11544 | D:7      | Reached skill level 5 in Air Magic
 12000 | D:7      | Found a burning altar of Makhleb.
 12053 | D:7      | Reached * piety under Sif Muna
 13312 | D:7      | Reached skill level 5 in Fighting
 13833 | D:7      | Found an ancient bone altar of Kikubaaqudgha.
 14773 | Temple   | Entered the Ecumenical Temple
 14826 | D:8      | Noticed Psyche
 15330 | D:8      | Killed Psyche
 15331 | D:8      | Reached XP level 10. HP: 33/60 MP: 10/20
 15538 | D:8      | Noticed Pikel
 15619 | D:8      | Killed Pikel
 15794 | D:8      | Found a hazy altar of Hepliaklqana.
 16417 | D:8      | Noticed Joseph
 16424 | D:8      | Killed Joseph
 16659 | D:8      | Found a stormy altar of Qazlal.
 17048 | D:8      | Found a glowing golden altar of the Shining One.
 17168 | D:9      | Found a staircase to the Lair.
 17607 | D:9      | HP: 2/61 [/static electricity (2)]
 17607 | D:9      | Reached ** piety under Sif Muna
 17607 | D:9      | Succumbed to a killer bee's poison

Illustrated notes

Levels and vault maps discovered:
D:1:      doesnt_arrival_eight_statues, layout_basic,
          hellmonk_ecumenical_altar_arch_garden, serial_rivers,
          chequers_serial_rivers_micro_c, chequers_serial_rivers_small_b,
          chequers_serial_rivers_room_a, chequers_serial_rivers_marsh,
          chequers_serial_rivers_marsh, minivault_23
D:2:      layout_basic, kennysheep_generic_room_11
D:3:      layout_loops_ring, uniq_grinder, uniq_natasha
D:4:      layout_basic, kennysheep_little_box, amcnicky_altar_gilded,
          serial_bayou, serial_bayou_crossing, serial_bayou_lagoon_a,
          serial_bayou_ford_a, serial_bayou_pond_e, serial_shops, shop
D:5:      layout_gridville, old_standard_altar, minmay_temple_entry_waves,
          gammafunk_ghost_cemetery, serial_rivers,
          chequers_serial_rivers_large_a, chequers_serial_rivers_small_3,
          chequers_serial_rivers_micro_c, chequers_serial_rivers_small_b,
          chequers_serial_rivers_room_a, chequers_serial_rivers_small_3,
          uniq_blork_the_orc
D:6:      layout_loops_ring, uniq_prince_ribbit1, uniq_edmund
D:7:      layout_loops_corners, nicolae_overflow_crystal_walls,
          lightli_ossuary_entry_decrepit_ruins, minmay_ruined_shrine
D:8:      layout_rooms, lemuel_crystal_altar,
          nicolae_hepliaklqana_monster_ancestors,
          nicolae_qazlal_scattered_showers, chequers_serial_rivers_small_3,
          uniq_psyche, uniq_joseph, uniq_pikel
D:9:      layout_irregular_city, grunt_temple_overflow_diamond,
          dpeg_oklobed_lair, uniq_grum
Temple:   minmay_temple_curvy_loop

Skill      XL: |  1  2  3  4  5  6  7  8  9 10 |
---------------+-------------------------------+-----
Fighting       | 1 2 3 4 5 6 |  6.4
Evocations     | 1 |  1.0
Dodging        | 4 5 6 7 |  7.4
Bows           | 1 2 3 |  3.9
Invocations    | 1 3 5 6 |  6.0
Stealth        | 4 |  4.0
Spellcasting   | 4 5 6 |  6.7
Conjurations   | 2 4 |  4.0
Air Magic      | 6 7 |  7.6

Action                   |  1- 3 |  4- 6 |  7- 9 | 10-12 || total
-------------------------+-------+-------+-------+-------++-------
Melee: Dagger            |     9 |     4 |     4 |       ||    17
       Kick              |     2 |     1 |     1 |       ||     4
 Fire: Shortbow          |       |    41 |   206 |    43 ||   290
Throw: Stone             |     6 |    15 |       |       ||    21
       Javelin           |     5 |    22 |       |       ||    27
 Cast: Shock             |    71 |    57 |    18 |       ||   146
       Static Discharge  |     7 |    34 |   119 |     5 ||   165
       Airstrike         |       |       |    15 |    40 ||    55
Evoke: Wand              |       |    10 |     2 |       ||    12
  Use: Scroll            |       |     6 |     7 |     2 ||    15
       Potion            |       |       |     2 |       ||     2
Armor: Robe              |     1 |     2 |    21 |     3 ||    27
Dodge: Dodged            |    20 |    46 |   195 |    53 ||   314

Table legend: (Time is in decaauts)
 A = Elapsed time spent in this place.
 B = Non-inter-level travel time spent in this place.
 C = Inter-level travel time spent in this place.
 D = Time resting spent in this place.
 E = Time spent auto-exploring this place.
 F = Levels seen in this place.
 G = Mean time per level.
                   A        B        C        D        E       F      G
               +--------+--------+--------+--------+--------+-----+--------+
         Total |  17185 |  16606 |    579 |   8119 |   6611 |  10 | 1718.5 |
       Dungeon |  17184 |  16605 |    579 |   8119 |   6611 |   9 | 1909.3 |
        Temple |      1 |      1 |      0 |      0 |      0 |   1 |    1.0 |
               +--------+--------+--------+--------+--------+-----+--------+

Top non-repeatable levels by time:
     D:7: 4194 daAuts
     D:5: 2988 daAuts
     D:1: 1870 daAuts
     D:3: 1864 daAuts
     D:4: 1759 daAuts
     D:2: 1440 daAuts
     D:6: 1375 daAuts
     D:8: 1234 daAuts
     D:9: 455 daAuts
  Temple: 1 daAuts
